 Dungeon Crawl Stone Soup version 0.29.1-13-g9f3cf754e1 (webtiles) character file.

Game seed: 8087564789870468313

2860 Disco the Thaumaturge (level 10, -8/60 HPs)
             Began as a Djinni Air Elementalist on Feb 5, 2023.
             Mangled by an orc warrior
             ... wielding a +0 trident
              (25 damage)
             ... in a bailey.
             The game lasted 00:13:47 (7322 turns).

Disco the Thaumaturge (Djinni Air Elementalist)     Turns: 7322, Time: 00:13:48

Health: -8/60      AC:  5    Str:  7    XL:     10   Next: 4%
Gold:   480        EV: 12    Int: 20    God:
                   SH:  0    Dex: 15

rFire   + + .      SeeInvis .   j - +1 arbalest (venom)
rCold   x . .      Faith    .   (shield currently unavailable)
rNeg    . . .      Spirit   .   a - +0 robe
rPois   ∞          Reflect  .   (no helmet)
rElec   .          Harm     .   w - +0 cloak
rCorr   .          Rampage  .   e - +1 pair of gloves
Will    ++...                   (boots unavailable)
Stlth   ++........              s - amulet of regeneration
HPRegen 1.00/turn               t - ring of willpower
MPRegen 0.00/turn               (no ring)

@: flying
A: sickness immunity, fire resistance 2, cold vulnerability 1, float, innate
caster, HP casting, extra vitality 1
a: no special abilities


You were in a bailey.
You visited 2 branches of the dungeon, and saw 9 of its levels.
You also visited: Bailey.

You collected 480 gold pieces.

Inventory:

Hand Weapons
 j - a +1 arbalest of venom (weapon)
Armour
 a - a +0 robe (worn)
 e - a +1 pair of gloves (worn)
 w - a +0 cloak (worn)
Jewellery
 b - a +6 ring of dexterity
 o - a ring of fire
 s - an amulet of regeneration (around neck)
 t - a ring of willpower (left hand)
Wands
 f - a wand of charming (7)
Scrolls
 i - 3 scrolls of teleportation
 n - a scroll of poison
 u - a scroll of identify
Potions
 d - a potion of cancellation
 g - 5 potions of heal wounds
 h - 2 potions of mutation
 k - 2 potions of resistance
 l - a potion of lignification {unknown}
 m - 2 potions of might
 p - 2 potions of brilliance
 q - a potion of flight {unknown}
 r - 3 potions of curing
 v - a potion of invisibility {unknown}


   Skills:
 - Level 2.1 Dodging
 - Level 1.5 Stealth
 + Level 10.4 Spellcasting


You had 10 spell levels left.
You knew the following spells:

 Your Spells              Type           Power      Damage    Failure   Level
a - Shock                 Conj/Air       100%       1d9       1%          1
b - Static Discharge      Conj/Air       51%        3-10/arc  1%          2
c - Apportation           Tloc           100%       N/A       1%          1
d - Wereblood             Tmut           51%        N/A       1%          2
e - Sticky Flame          Conj/Fire      51%        2d7       1%          4
h - Airstrike             Air            25%        2d(4-20)  1%          4
l - Blink                 Tloc           100%       N/A       1%          2
u - Swiftness             Air            51%        N/A       1%          3
Your spell library was empty.

Dungeon Overview and Level Annotations

Branches:
Dungeon (8/15)             Temple (1/1) D:5          Bailey (1/1)
   Lair: D:8-11

Altars:
Ashenzari
Cheibriados
Dithmenos
Elyvilon
Fedhas
Gozag
Hepliaklqana
Nemelex Xobeh
Qazlal
Ru
Trog
Uskayaw
Wu Jian
Xom
Yredelemnul
Zin
The Shining One

Shops:
D:5 [

Annotations:
D:6 2 runed translucent doors, pichik's ghost, novice VSSu


Innate Abilities, Weirdness & Mutations

You are immune to sickness and miasma.
You are immune to poison.
Your flesh is very heat resistant. (rF++)
You are vulnerable to cold. (rC-)
You float through the air rather than walking.
You learn spells naturally, not from books.
Your magical power is your life essence.
You have superior vitality. (+4 MHP)


Message History

Aiming: Sticky Flame (dangerous; 1% risk of failure)
Press: ? - help, Shift-Dir - straight line, f/p - orc knight
Aim: an orc knight, wielding a +0 glaive and wearing a +0 ring mail (moderately wounded, 100% to hit)
The sticky flame hits the orc knight but does no damage.
The orc knight is moderately wounded.
The orc knight is covered in liquid flames!
The orc knight burns!
The orc knight hits you with a +0 glaive!!
Ouch! That really hurt!
* * * LOW HITPOINT WARNING * * *
Casting: Sticky Flame (dangerous; 1% risk of failure)
Confirm with . or Enter, or press ? or * to list all spells.
You blink.
An orc warrior and an orc knight come into view.
The orc warrior shouts!
The orc knight shouts!
* * * LOW HITPOINT WARNING * * *
The orc knight burns!
The orc knight burns!
The orc knight stops burning.
There is a gate leading back out of this place here.
Things that are here:
a +0 spear; a +0 ring mail Unknown command.
Unknown command.
Unknown command.
The orc knight roars a battlecry!
The orcs go into a battle-frenzy!
The orc knight roars a battlecry!
The orc knight goes into a battle-frenzy!
The orc warrior hits you with a +0 trident!
* * * LOW HITPOINT WARNING * * *
The orc knight hits you from afar with a +0 glaive.
* * * LOW HITPOINT WARNING * * *
The orc warrior attacks as you move away!
The orc warrior barely misses you. The orc warrior closely misses you.
Aiming: Charm
Press: ? - help, Shift-Dir - straight line, f - orc knight, p - orc knight
Aim: an orc knight, wielding a +0 halberd and wearing a +0 chain mail (strong, chance to affect: 31%)
The orc knight is charmed.
The orc warrior hits you from afar with a +0 trident!!
You die...

#.~~~~~~~~~~..##.∩.##..~~~~~~
#.~...).)....##.....##......)
#.~.#############+###'#######
#.~.## +#.........## #.~..##
##..§≈≈≈≈≈§..## #.~~).##
##..≈≈.....≈§..## ##.~~..#
#......⌠∩⌠.§§...#
#∩.~~..#+#..§≈o..⌠...≈≈..#
#.~~..##.##.@≈≈o....§§..##
#.~..##.$.##..≈≈≈.≈≈≈..##
#.~)##.$$$.##..o......#+
#.~.#############+#####
#.~........ #.~~~~~~~~~
#.......... ##..######. #..##


You could see an orc knight (strong), an orc warrior (strong) and a friendly orc
knight (charmed, strong).

Vanquished Creatures
  Menkaure (D:5)
  A steam dragon (D:7)
  A water moccasin (D:7)
  3 black bears
  A sky beast (D:7)
  2 ogres
  A kobold brigand (D:6)
  4 bullfrogs
  5 scorpions
  8 wights
  A howler monkey (D:5)
  4 orc priests
  2 gnoll boudas
  2 jellies
  5 hounds
  Crazy Yiuf (D:7)
  Jessica (D:3)
  4 iguanas
  2 orc wizards
  8 gnolls
  4 adders
  2 shadow imps
  2 ufetubi
  7 dart slugs
  39 orcs
  6 ball pythons
  3 bats
  3 endoplasms
  3 giant cockroaches
  16 goblins
  10 hobgoblins
  4 jackals (D:1)
  2 quokkas
  3 frilled lizards
  11 kobolds
  4 rats
176 creatures vanquished.

Vanquished Creatures (others)
  A plant (D:3)
1 creature vanquished.

Grand Total: 177 creatures vanquished

Notes
Turn   | Place    | Note
-------+----------+-------------------------------------------
     0 | D:1      | Disco the Djinni Air Elementalist began the quest for the
                  | Orb.
     0 | D:1      | Disco set off with the following spells memorised: Shock,
                  | Static Discharge, Swiftness, Airstrike.
     0 | D:1      | Reached XP level 1. HP: 15/15 MP: 0/0
   541 | D:1      | Reached XP level 2. HP: 18/21 MP: 0/0
   769 | D:1      | Reached skill level 3 in Spellcasting
  1118 | D:1      | Reached XP level 3. HP: 23/25 MP: 0/0
  1118 | D:1      | Learned a level 1 spell: Apportation
  1226 | D:1      | Found a faded altar of an unknown god.
  1995 | D:3      | Reached XP level 4. HP: 26/31 MP: 0/0
  2426 | D:3      | Reached skill level 4 in Spellcasting
  2426 | D:3      | Reached XP level 5. HP: 16/35 MP: 0/0
  2426 | D:3      | Learned a level 2 spell: Wereblood
  2873 | D:3      | Noticed Jessica
  2876 | D:3      | Killed Jessica
  3491 | D:4      | Reached skill level 5 in Spellcasting
  3491 | D:4      | Reached XP level 6. HP: 29/40 MP: 0/0
  4383 | D:5      | Entered Level 5 of the Dungeon
  4441 | D:5      | Found a staircase to the Ecumenical Temple.
  4450 | Temple   | Entered the Ecumenical Temple
  4621 | D:5      | Reached XP level 7. HP: 30/45 MP: 0/0
  4621 | D:5      | Learned a level 2 spell: Blink
  4706 | D:5      | Found Voyxuatt's Antique Armour Emporium.
  4786 | D:5      | Reached skill level 6 in Spellcasting
  5073 | D:5      | Noticed Menkaure
  5081 | D:5      | Killed Menkaure
  5082 | D:5      | Reached skill level 7 in Spellcasting
  5082 | D:5      | Reached XP level 8. HP: 33/50 MP: 0/0
  5566 | D:6      | Reached skill level 8 in Spellcasting
  5668 | D:6      | Reached XP level 9. HP: 39/55 MP: 0/0
  5668 | D:6      | Learned a level 4 spell: Sticky Flame
  5830 | D:6      | Found a runed translucent door.
  5831 | D:6      | Noticed pichik's ghost (novice VSSu)
  5937 | D:6      | Found a runed translucent door.
  6097 | D:7      | Reached skill level 9 in Spellcasting
  6433 | D:7      | Found a runed translucent door.
  6434 | D:7      | Noticed Crazy Yiuf
  6439 | D:7      | Killed Crazy Yiuf
  6585 | D:7      | Reached skill level 10 in Spellcasting
  7142 | D:8      | Reached XP level 10. HP: 40/60 MP: 0/0
  7167 | D:8      | Found a flagged portal.
  7177 | Bailey   | Entered a bailey
  7293 | Bailey   | Noticed an orc knight
  7303 | Bailey   | Noticed an orc knight
  7322 | Bailey   | Mangled by an orc warrior

Illustrated notes

Levels and vault maps discovered:
D:1:      minmay_arrival_loop, layout_loops_ring,
          dreamdust_ecumenical_altar_hidden_monk_grotto
D:2:      layout_rooms, basic_altar
D:3:      layout_basic, serial_bayou_pond_b, uniq_jessica
D:4:      kennysheep_the_goblin_king, layout_basic, kennysheep_generic_room_6
D:5:      layout_basic, minmay_temple_entry_purple_smoke, serial_shops,
          nicolae_shop_temple_entry_statues_fountains, kennysheep_small_circle,
          uniq_menkaure
D:6:      layout_rooms, ebering_ghost_sewer_f, st_stairs_6
D:7:      layout_loops_ring, kennysheep_generic_room_5, uniq_crazy_yiuf_cottage
D:8:      kennysheep_windowed_halls, layout_basic, enter_bailey_4
Temple:   nicolae_temple_bog_church
Bailey:   bailey_polearm_1, bailey

Skill      XL: |  1  2  3  4  5  6  7  8  9 |
---------------+----------------------------+-----
Spellcasting   | 3 4 5 7 8 10 | 10.4
Dodging        | |  2.1
Stealth        | |  1.5

Action                   |  1- 3 |  4- 6 |  7- 9 | 10-12 || total
-------------------------+-------+-------+-------+-------++-------
 Fire: Arbalest          |    17 |    23 |    12 |       ||    52
 Cast: Shock             |    62 |    30 |    51 |       ||   143
       Apportation       |     2 |       |       |       ||     2
       Static Discharge  |       |     4 |    12 |     2 ||    18
       Airstrike         |       |    41 |    88 |    15 ||   144
       Wereblood         |       |     1 |       |       ||     1
       Sticky Flame      |       |       |     8 |     2 ||    10
       Blink             |       |       |     2 |     1 ||     3
Evoke: Wand              |       |       |       |     1 ||     1
  Use: Scroll            |       |    16 |     5 |       ||    21
Armor: Robe              |     2 |     8 |     5 |     2 ||    17
Dodge: Dodged            |     4 |    16 |    25 |    11 ||    56
